 Dungeon Crawl Stone Soup version 0.29-a0-231-g945431f764 (webtiles) character file.

Game seed: 14882472006223169423

343 bande the Covered (level 6, 0/39 HPs)
             Began as a Gargoyle Fighter on Feb 28, 2022.
             Slain by a scorpion (2 damage)
             ... on level 4 of the Dungeon.
             The game lasted 00:07:17 (4247 turns).

bande the Covered (Gargoyle Fighter)                Turns: 4247, Time: 00:07:17

Health: 0/39       AC: 15    Str: 19    XL:     6   Next: 57%
Magic:  6/6        EV: 11    Int:  9    God:
Gold:   244        SH:  5    Dex: 11    Spells: 5/5 levels left

rFire   . . .      SeeInvis .   m - +2 hand axe (vamp)
rCold   . . .      Faith    .   c - +1 buckler
rNeg    + . .      Spirit   .   o - +0 chain mail
rPois   ∞          Reflect  .   (no helmet)
rElec   +          Harm     .   (no cloak)
rCorr   .          Rampage  .   (no gloves)
Will    .....                   p - +0 pair of boots
Stlth   ..........              (no amulet)
HPRegen 0.13/turn               k - +4 ring of evasion
MPRegen 0.10/turn               (no ring)

@: no status effects
A: sickness immunity, AC +4, negative energy resistance 1, electricity
resistance, torment resistance 1, petrification resistance
a: no special abilities


You were on level 4 of the Dungeon.
You visited 1 branch of the dungeon, and saw 4 of its levels.

You collected 244 gold pieces.

Inventory:

Hand Weapons
 a - a +0 war axe
 e - a +1 flail of holy wrath
 m - a +2 vampiric hand axe (weapon)
 r - a +0 war axe
Armour
 c - a +1 buckler (worn)
 o - a +0 chain mail (worn)
 p - a +0 pair of boots (worn)
Jewellery
 k - a +4 ring of evasion (left hand)
Scrolls
 f - a scroll of identify
 g - 2 scrolls of enchant armour
 h - a scroll of blinking
 q - a scroll of fear
Potions
 b - a potion of magic
 d - 2 potions of might
 j - a potion of curing
 l - 2 potions of cancellation


   Skills:
 + Level 4.3 Fighting
 + Level 4.3 Axes
 + Level 4.9 Armour
 - Level 0.1 Stealth
 + Level 3.9 Shields


You had 5 spell levels left.
You didn't know any spells.
Your spell library contained the following spells:

 Spells                   Type           Power      Damage    Failure   Level
 Sandblast                Erth           0%         2d4       99%         1
 Ensorcelled Hibernation  Hex/Ice        0%         N/A       100%        2
 Passwall                 Tmut/Erth      0%         N/A       100%        2
 Stone Arrow              Conj/Erth      0%         3d7       100%        3
 Swiftness                Air            0%         N/A       100%        3


Dungeon Overview and Level Annotations

Branches:
Dungeon (4/15)
 Temple: D:4-7

Altars:
Cheibriados
Nemelex Xobeh

Shops:
D:1 [


Innate Abilities, Weirdness & Mutations

You are immune to sickness and miasma.
Your stone body is resilient. (AC +4)
You are immune to poison.
You resist negative energy. (rN+)
You are resistant to electric shocks. (rElec)
You are resistant to unholy torment.
You are immune to petrification.


Message History

You hit the centaur.
You kill the centaur!
You closely miss the scorpion. You block the scorpion's attack.
Unknown command.
The scorpion barely misses you.
You see here a +0 shortbow.
You closely miss the scorpion.
The scorpion is lightly wounded.
The scorpion stings you.
* * * LOW HITPOINT WARNING * * *
Your endoplasm closely misses the scorpion.
You block the scorpion's attack.
You hit the scorpion.
The scorpion is moderately wounded.
Your endoplasm hits the scorpion but does no damage.
The scorpion stings you but does no damage.
You hit the scorpion.
The scorpion is heavily wounded.
Your endoplasm closely misses the scorpion.
The scorpion stings you but does no damage.
You barely miss the scorpion.
The scorpion is heavily wounded.
The scorpion closely misses you.
Your endoplasm barely misses the scorpion.
You barely miss the scorpion.
The scorpion is heavily wounded.
The scorpion stings you but does no damage.
Your endoplasm hits the scorpion. The scorpion stings you.
* * * LOW HITPOINT WARNING * * *
Your endoplasm hits the scorpion. You closely miss the scorpion.
The scorpion is severely wounded.
Your endoplasm dissolves into shadows!
The scorpion stings you!
* * * LOW HITPOINT WARNING * * *
You barely miss the scorpion.
The scorpion is severely wounded.
The scorpion stings you but does no damage.
The scorpion stings you.
You die...

#................#..#.#.#
.... #......).........#
#........###.......
#........# #.......
#........# #.....#.
#........# ....#<#
...........##....###
...........gg...>..
......#...#@s......
......#...#........
......#...#........ ....
#...#........
#...#........
#...#........ #........
#........


You could see a scorpion (ally target), a friendly hobgoblin (summoned) and a
friendly goblin (summoned).

Vanquished Creatures
  An ogre (D:4)
  A centaur (D:4)
  Crazy Yiuf (D:3)
  5 adders
  2 ufetubi (D:4)
  3 worms
  A dart slug (D:3)
  2 orcs (D:4)
  5 ball pythons
  4 bats
  7 endoplasms
  7 giant cockroaches
  4 goblins
  8 hobgoblins
  4 jackals (D:1)
  7 kobolds
  6 quokkas
  5 frilled lizards
  7 rats
80 creatures vanquished.

Vanquished Creatures (collateral kills)
  An orc (D:4)
1 creature vanquished.

Vanquished Creatures (others)
  2 withered plants (D:1)
2 creatures vanquished.

Grand Total: 83 creatures vanquished

Notes
Turn   | Place    | Note
-------+----------+-------------------------------------------
     0 | D:1      | bande the Gargoyle Fighter began the quest for the Orb.
     0 | D:1      | Reached XP level 1. HP: 14/14 MP: 1/1
    30 | D:1      | Reached XP level 2. HP: 11/19 MP: 2/2
   546 | D:1      | Reached XP level 3. HP: 18/24 MP: 3/3
  1095 | D:1      | Found a faded altar of an unknown god.
  1136 | D:1      | Found Qoideg's Antique Armour Emporium.
  1700 | D:2      | Reached XP level 4. HP: 28/29 MP: 4/4
  2082 | D:3      | Found a runed translucent door.
  2083 | D:3      | Noticed Crazy Yiuf
  2103 | D:3      | Found a sparkling altar of Nemelex Xobeh.
  2136 | D:3      | Found a snail-covered altar of Cheibriados.
  2932 | D:3      | Killed Crazy Yiuf
  2933 | D:3      | Reached XP level 5. HP: 16/33 MP: 5/5
  3755 | D:4      | Noticed an ogre
  3765 | D:4      | Killed an ogre
  3766 | D:4      | Reached XP level 6. HP: 9/38 MP: 6/6
  4236 | D:4      | HP: 1/38 [centaur (1)]
  4246 | D:4      | HP: 1/39 [scorpion (7)]
  4247 | D:4      | Slain by a scorpion

Illustrated notes

Levels and vault maps discovered:
D:1:      scummos_arrival_simple_fountains, layout_basic,
          ebering_ecumenical_altar_petrified, serial_glass, glass_columns_a,
          glass_columns_c, glass_columns_c, glass_columns_c, glass_columns_a,
          serial_shops, nicolae_shop_waterfront, st_stairs_10
D:2:      layout_rooms
D:3:      layout_loops_ring, mainiacjoe_overflow_alcove_1,
          mainiacjoe_overflow_alcove_4, kennysheep_generic_room_6,
          uniq_crazy_yiuf_cottage
D:4:      layout_basic

Skill      XL: |  1  2  3  4  5  6 |
---------------+-------------------+-----
Axes           | 2 3 4 |  4.3
Armour         | 4 |  4.9
Fighting       | 4 |  4.3
Stealth        | |  0.1
Shields        | |  3.9

Action                   |  1- 3 |  4- 6 || total
-------------------------+-------+-------++-------
Melee: War axe           |    83 |       ||    83
       Hand axe          |    29 |   127 ||   156
  Use: Scroll            |       |    11 ||    11
       Potion            |       |     5 ||     5
Armor: Scale mail        |    76 |       ||    76
       Chain mail        |       |    72 ||    72
Dodge: Dodged            |    56 |    46 ||   102
Block: Buckler           |    37 |    37 ||    74

Table legend: (Time is in decaauts)
 A = Elapsed time spent in this place.
 B = Non-inter-level travel time spent in this place.
 C = Inter-level travel time spent in this place.
 D = Time resting spent in this place.
 E = Time spent auto-exploring this place.
 F = Levels seen in this place.
 G = Mean time per level.
                   A        B        C        D        E       F      G
               +--------+--------+--------+--------+--------+-----+--------+
         Total |   4314 |   4212 |    102 |   1570 |   1767 |   4 | 1078.5 |
       Dungeon |   4314 |   4212 |    102 |   1570 |   1767 |   4 | 1078.5 |
               +--------+--------+--------+--------+--------+-----+--------+

Top non-repeatable levels by time:
     D:3: 1584 daAuts
     D:1: 1465 daAuts
     D:4: 678 daAuts
     D:2: 586 daAuts
